 Dungeon Crawl Stone Soup version 0.23.0-3-gf3c87f2 (webtiles) character file.

Game seed: 15087502957907330486

380 dvd the Chopper (level 6, -12/38 HPs)
             Began as a Gargoyle Monk on Feb 23, 2019.
             Killed by divine providence
             ... invoked by an orc priest
              (14 damage)
             ... on level 4 of the Dungeon.
             The game lasted 00:06:17 (2749 turns).

dvd the Chopper (Gargoyle Monk)                     Turns: 2749, Time: 00:06:17

Health: -12/38     AC: 14    Str: 15    XL:     6   Next: 75%
Magic:  6/6        EV: 12    Int:  5    God:
Gold:   207        SH:  3    Dex: 13    Spells: 5/5 levels left

rFire    . . .     SeeInvis .   a - +0 hand axe
rCold    . . .     Gourm    .   y - +0 buckler
rNeg     + . .     Faith    .   d - +3 leather armour
rPois    ∞         Spirit   .   (no helmet)
rElec    +         Reflect  .   x - +2 cloak
rCorr    .         Harm     .   (no gloves)
MR       .....                  j - +0 pair of boots
Stlth    ++........             (no amulet)
HPRegen  0.12/turn              m - -6 ring of intelligence (curse)
MPRegen  0.10/turn              (no ring)

@: no status effects
A: negative energy resistance 1, electricity resistance, unbreathing,
petrification resistance, rot immunity, AC +4
a: no special abilities


You were on level 4 of the Dungeon.
You were hungry.

You visited 1 branch of the dungeon, and saw 4 of its levels.

You collected 207 gold pieces.

Inventory:

Hand Weapons
 a - a +0 hand axe (weapon)
 o - a +0 mace
 z - a +1 dagger of venom
Armour
 b - a +0 robe
 d - a +3 leather armour (worn)
 j - a +0 pair of boots (worn)
 t - a +1 robe of positive energy
 u - a +0 scale mail
 x - a +2 cloak (worn)
 y - a +0 buckler (worn)
Jewellery
 m - a cursed -6 ring of intelligence (left hand)
Scrolls
 e - 3 scrolls of teleportation {unknown}
 f - 3 scrolls of fog {unknown}
 g - 3 scrolls of magic mapping {unknown}
 k - 3 scrolls of identify {unknown}
 l - 2 scrolls of remove curse {unknown}
 q - a scroll of amnesia {unknown}
 w - a scroll of random uselessness {unknown}
Potions
 h - a potion of magic
 i - a potion of haste {unknown}
 n - a potion of invisibility {unknown}
 p - a potion of curing {unknown}
 r - a potion of heal wounds {unknown}
 v - a potion of lignification {unknown}
Comestibles
 c - 3 rations
 s - 4 chunks of flesh


   Skills:
 + Level 4.3 Fighting
 + Level 5.0 Axes
 + Level 1.5 Armour
 + Level 3.5 Dodging
 + Level 3.0 Stealth
 + Level 0.1 Shields


You had 5 spell levels left.
You didn't know any spells.
Your spell library was empty.

Dungeon Overview and Level Annotations

Branches:
Dungeon (4/15)
 Temple: D:4-7

Altars:
Fedhas
Kikubaaqudgha
Yredelemnul

Annotations:
D:4 Grinder


Innate Abilities, Weirdness & Mutations

You are resistant to torment.
Your stone body is resilient. (AC +4)
You are immune to poison.
You resist negative energy. (rN+)
You are resistant to electric shocks. (rElec)
You can survive without breathing.
You are immune to petrification.
You are immune to rotting.


Message History

You kill the orc priest!
Your Axes skill increases to level 5!
You hit the quokka. You hit Grinder but do no damage.
The quokka closely misses you. Grinder hits you but does no damage.
The orc hits the plant with a +0 club.
The orc priest looks satisfied for a moment.
The quokka bites you but does no damage.
You hit the quokka.
You kill the quokka!
You barely miss the orc. You hit Grinder but do no damage.
You are feeling hungry.
Grinder hits you!
* * * LOW HITPOINT WARNING * * *
The orc hits the plant but does no damage.
The orc misses you. Grinder misses you.
It was a potion of magic.
Magic courses through your body.
The orc hits the plant but does no damage.
The orc priest invokes the aid of Beogh against you.
Beogh smites you!
You die...

.♣♣.♣♣.♣ .♣.♣♣.♣
....#. ...♣P♣ ♣
Po...♣♣ ♣.♣P♣ ♣ ♣
P♣P...♣. .♣.♣.♣§♣§
o♣..). ..♣♣..♣.♣ ♣Po..
♣..#..#.♣ ♣...#
♣.##..#.# ♣.5o#
...#....########@#####
.#.#.<.........).....#
.#.####.############.#
.#...)....#
.######.#.# . #.#.# .
..# # ###


You could see Grinder, an orc priest and 3 orcs.

Vanquished Creatures
  A centaur (D:3)
  A hound (D:4)
  An orc priest (D:4)
  Jessica (D:3)
  A worker ant (D:4)
  4 gnolls
  6 adders
  3 worms (D:2)
  3 dart slugs
  2 leopard geckos (D:2)
  5 orcs
  4 ball pythons
  4 giant cockroaches
  4 goblins
  5 hobgoblins
  7 jackals (D:1)
  3 quokkas
  9 bats
  8 frilled lizards
  2 gnoll zombies (D:2)
  7 kobolds
  6 rats
87 creatures vanquished.

Vanquished Creatures (others)
  A plant (D:4)
1 creature vanquished.

Grand Total: 88 creatures vanquished

Notes
Turn   | Place    | Note
-------+----------+-------------------------------------------
     0 | D:1      | dvd the Gargoyle Monk began the quest for the Orb.
     0 | D:1      | Reached XP level 1. HP: 14/14 MP: 1/1
   152 | D:1      | Reached XP level 2. HP: 17/19 MP: 2/2
   271 | D:1      | Reached skill level 3 in Axes
   659 | D:1      | Reached XP level 3. HP: 21/24 MP: 3/3
  1087 | D:2      | Reached XP level 4. HP: 28/29 MP: 4/4
  1295 | D:2      | Found an ancient bone altar of Kikubaaqudgha.
  1297 | D:2      | Found a blossoming altar of Fedhas.
  1624 | D:2      | Found a basalt altar of Yredelemnul.
  1757 | D:3      | Reached skill level 4 in Axes
  1801 | D:3      | Reached XP level 5. HP: 33/33 MP: 5/5
  1897 | D:3      | Noticed Jessica
  1919 | D:3      | Killed Jessica
  1919 | D:3      | Reached skill level 1 in Armour
  1974 | D:3      | Noticed a centaur
  1988 | D:3      | Killed a centaur
  1988 | D:3      | Reached XP level 6. HP: 35/38 MP: 6/6
  2720 | D:4      | Noticed Grinder
  2747 | D:4      | Reached skill level 5 in Axes
  2748 | D:4      | HP: 1/38 [Grinder (7)]
  2749 | D:4      | Killed from afar by an orc priest

Skill      XL: |  1  2  3  4  5  6 |
---------------+-------------------+-----
Axes           | 3 4 5 |  5.0
Dodging        | 3 |  3.5
Fighting       | 4 |  4.3
Armour         | 1 |  1.5
Stealth        | 3 |  3.0
Shields        | |  0.1

Action                   |  1- 3 |  4- 6 || total
-------------------------+-------+-------++-------
Melee: Hand axe          |   101 |   243 ||   344
  Use: Potion            |       |     1 ||     1
 Stab: Sleeping          |     4 |     6 ||    10
  Eat: Chunk             |     1 |     5 ||     6
Armor: Robe              |     9 |       ||     9
       Leather armour    |    31 |   123 ||   154
Dodge: Dodged            |    67 |   168 ||   235
Block: Buckler           |       |    15 ||    15
